 Dungeon Crawl Stone Soup version 0.29-a0-492-g10b964d8d7 (webtiles) character file.

Game seed: 11239020901497609585

282 KateP the Covered (level 6, -9/56 HPs)
             Began as a Minotaur Fighter on May 27, 2022.
             Mangled by Menkaure (17 damage)
             ... on level 5 of the Dungeon.
             The game lasted 00:05:35 (3209 turns).

KateP the Covered (Minotaur Fighter)                Turns: 3209, Time: 00:05:36

Health: -9/56      AC: 10    Str: 22    XL:     6   Next: 6%
Magic:  5/5        EV:  9    Int:  5    God:
Gold:   247        SH:  4    Dex: 10    Spells: 5/5 levels left

rFire   . . .      SeeInvis .   a - +0 war axe
rCold   . . .      Faith    .   c - +0 buckler
rNeg    + . .      Spirit   .   b - +0 scale mail
rPois   .          Reflect  .   (helmet restricted)
rElec   .          Harm     .   m - +0 cloak
rCorr   .          Rampage  .   g - +1 pair of gloves {Stlth+}
Will    .....                   (no boots)
Stlth   +.........              y - amulet of regeneration
HPRegen 0.98/turn               n - ring of positive energy
MPRegen 0.09/turn               (no ring)

@: no status effects
A: horns 2, retaliatory headbutt
a: no special abilities


You were on level 5 of the Dungeon.
You visited 1 branch of the dungeon, and saw 5 of its levels.

You collected 247 gold pieces.

Inventory:

Hand Weapons
 a - a +0 war axe (weapon)
Missiles
 z - a throwing net (quivered)
Armour
 b - a +0 scale mail (worn)
 c - a +0 buckler (worn)
 g - a +1 pair of gloves of stealth (worn)
 m - a +0 cloak (worn)
Jewellery
 n - a ring of positive energy (left hand)
 y - an amulet of regeneration (around neck)
Wands
 D - a wand of iceblast (10)
Scrolls
 h - 2 scrolls of enchant weapon {unknown}
 k - a scroll of poison {unknown}
 l - 5 scrolls of vulnerability {unknown}
 o - a scroll of acquirement {unknown}
 p - 5 scrolls of identify {unknown}
 q - 2 scrolls of teleportation {unknown}
 r - a scroll of magic mapping {unknown}
 u - a scroll of fog {unknown}
 v - a scroll of amnesia {unknown}
 w - a scroll of immolation {unknown}
 A - a scroll of blinking {unknown}
 C - a scroll of silence {unknown}
Potions
 d - a potion of might
 e - a potion of mutation {unknown}
 f - a potion of curing
 i - a potion of resistance {unknown}
 j - a potion of heal wounds {unknown}
 s - 2 potions of attraction {unknown}
 t - a potion of flight {unknown}
 x - a potion of lignification {unknown}
 B - a potion of berserk rage {unknown}


   Skills:
 + Level 5.0 Fighting
 * Level 5.0 Axes
 + Level 5.1 Armour
 - Level 0.2 Dodging
 - Level 1.1 Stealth
 - Level 4.1 Shields


You had 5 spell levels left.
You didn't know any spells.
Your spell library contained the following spells:

 Spells                   Type           Power      Damage    Failure   Level
 Slow                     Hex            0%         N/A       86%         1
 Confusing Touch          Hex            0%         N/A       99%         3
 Vampiric Draining        Necr           0%         2d6       99%         3


Dungeon Overview and Level Annotations

Branches:
Dungeon (5/15)
 Temple: D:4-7

Altars:
Wu Jian

Shops:
D:4 *

Annotations:
D:5 Menkaure


Innate Abilities, Weirdness & Mutations

You have a pair of horns on your head.
You reflexively headbutt those who attack you in melee.


Message History

Done exploring.
There is a stone staircase leading down here.
You climb downwards.
There is a stone staircase leading up here.
Menkaure, Prince of Dust comes into view.
Menkaure shouts!
Menkaure gestures wildly while chanting.
Menkaure seems to speed up.
Menkaure is nearby!
Menkaure is nearby!
Menkaure points at you and mumbles some strange words.
You are unaffected.
Menkaure calls on the powers of darkness!
Your body is wracked with pain!
You slash Menkaure! You headbutt Menkaure.
Menkaure is heavily damaged.
You block Menkaure's attack.
An orc comes into view. It is wielding a +0 hand axe.
The orc shouts!
You hit Menkaure.
Menkaure is heavily damaged.
Menkaure hits you! Menkaure hits you!!
* * * LOW HITPOINT WARNING * * *
You are too injured to fight recklessly!
You are too injured to fight recklessly!
You are too injured to fight recklessly!
You slash Menkaure!
Menkaure is almost destroyed.
Menkaure calls on the powers of darkness!
Your body is wracked with pain!
* * * LOW HITPOINT WARNING * * *
The orc convulses!
A water moccasin comes into view.
The water moccasin hisses angrily.
You hit Menkaure but do no damage.
Menkaure is almost destroyed.
You slash the orc!
You kill the orc!
Menkaure hits you!
You die...

# #. #.### ...#
#.### #...##
#.###....######
#.SM@.........#
###)##...####.#
#. ##.##
#.####### #.
### #...<....
#. ########. ##


You could see a water moccasin and Menkaure (fast).

Vanquished Creatures
  Blork the orc (D:4)
  An orc priest (D:3)
  7 adders
  A worm (D:2)
  3 dart slugs
  16 orcs
  3 ball pythons
  7 endoplasms
  5 giant cockroaches
  6 goblins
  8 hobgoblins
  10 jackals
  4 kobolds
  6 quokkas
  A bat (D:1)
  2 frilled lizards
  8 rats
89 creatures vanquished.

Notes
Turn   | Place    | Note
-------+----------+-------------------------------------------
     0 | D:1      | KateP the Minotaur Fighter began the quest for the Orb.
     0 | D:1      | Reached XP level 1. HP: 19/19 MP: 0/0
   388 | D:1      | Reached XP level 2. HP: 27/27 MP: 1/1
  1122 | D:2      | Reached XP level 3. HP: 33/33 MP: 2/2
  1317 | D:2      | Reached skill level 1 in Stealth
  1317 | D:2      | Reached XP level 4. HP: 24/40 MP: 3/3
  1476 | D:2      | Found a faded altar of an unknown god.
  1842 | D:3      | Reached XP level 5. HP: 43/47 MP: 4/4
  1972 | D:3      | Found an ornate altar of the Wu Jian Council.
  2850 | D:4      | Found Qerocwegi's General Store.
  2995 | D:4      | Noticed Blork the orc
  3002 | D:4      | Killed Blork the orc
  3003 | D:4      | Reached skill level 5 in Fighting
  3003 | D:4      | Reached skill level 5 in Armour
  3012 | D:4      | Reached XP level 6. HP: 24/56 MP: 5/5
  3036 | D:4      | Reached skill level 5 in Axes
  3190 | D:5      | Entered Level 5 of the Dungeon
  3201 | D:5      | Noticed Menkaure
  3208 | D:5      | Noticed a water moccasin
  3209 | D:5      | Mangled by Menkaure

Illustrated notes

Levels and vault maps discovered:
D:1:      psy_arrival_dodecagon, layout_basic,
          nicolae_concentric_dashed_squares_wild, minmay_misc_feat_hallway
D:2:      layout_rooms, basic_ecumenical_altar, minmay_misc_feat_square
D:3:      layout_rooms, nzn_wu_jian_council_hall
D:4:      layout_loops_ring, serial_shops, nicolae_square_shop,
          uniq_blork_the_orc
D:5:      gammafunk_steamed_eel, layout_loops_ring, uniq_menkaure

Skill      XL: |  1  2  3  4  5  6 |
---------------+-------------------+-----
Fighting       | 4 5 |  5.0
Armour         | 4 5 |  5.1
Axes           | 3 4 5 |  5.0
Stealth        | 1 |  1.1
Shields        | 4 |  4.1
Dodging        | |  0.2

Action                   |  1- 3 |  4- 6 || total
-------------------------+-------+-------++-------
Melee: War axe           |    84 |   128 ||   212
       Headbutt          |     6 |    13 ||    19
  Use: Potion            |       |     2 ||     2
 Stab: Sleeping          |       |     1 ||     1
Armor: Scale mail        |    49 |    67 ||   116
Dodge: Dodged            |    43 |    47 ||    90
Block: Buckler           |    19 |    28 ||    47

Table legend: (Time is in decaauts)
 A = Elapsed time spent in this place.
 B = Non-inter-level travel time spent in this place.
 C = Inter-level travel time spent in this place.
 D = Time resting spent in this place.
 E = Time spent auto-exploring this place.
 F = Levels seen in this place.
 G = Mean time per level.
                   A        B        C        D        E       F      G
               +--------+--------+--------+--------+--------+-----+--------+
         Total |   3296 |   3296 |      0 |     46 |   2501 |   5 |  659.2 |
       Dungeon |   3296 |   3296 |      0 |     46 |   2501 |   5 |  659.2 |
               +--------+--------+--------+--------+--------+-----+--------+

Top non-repeatable levels by time:
     D:1: 1134 daAuts
     D:4: 907 daAuts
     D:3: 632 daAuts
     D:2: 602 daAuts
     D:5: 19 daAuts
